 Dungeon Crawl Stone Soup version 0.20.1-1-g8b1a95d (webtiles) character file.

1022 letownia2 the Reanimator (level 8, 58/64 HPs)
             Began as a Deep Dwarf Necromancer on Dec 28, 2017.
             Quit the game in the Ecumenical Temple.
             The game lasted 00:12:33 (4079 turns).

letownia2 the Reanimator (Deep Dwarf Necromancer)   Turns: 4079, Time: 00:12:34

Health: 58/64      AC:  7    Str: 13    XL:     8   Next: 2%
Magic:  15/15      EV: 11    Int: 17    God:
Gold:   158        SH:  0    Dex: 13    Spells: 12/16 levels left

rFire    . . .     SeeInvis .   (no weapon)
rCold    . . .     Gourm    .   (no shield)
rNeg     . . .     Faith    .   e - +0 ring mail
rPois    .         Spirit   .   (no helmet)
rElec    .         Reflect  .   (no cloak)
rCorr    .         Harm     .   u - +1 pair of gloves
MR       +....                  (no boots)
Stlth    +.........             (no amulet)
Regen    0.0/turn               (no ring)
MPRegen  0.2/turn               (no ring)

@: very slightly contaminated, non-regenerating
A: damage resistance, heal wounds, sense surroundings 1, no regeneration
a: Heal Wounds


You were in the Ecumenical Temple.
You were very hungry.

You visited 2 branches of the dungeon, and saw 8 of its levels.

You collected 158 gold pieces.

Inventory:

Hand Weapons
 a - a +1 flail
 i - a +0 hunting sling
 w - a +0 hunting sling
Missiles
 p - 34 bolts
Armour
 e - a +0 ring mail (worn)
 k - a +0 robe
 u - a +1 pair of gloves (worn)
Wands
 y - a wand of lightning (15/15)
Scrolls
 d - 4 scrolls of amnesia {unknown}
 g - 2 scrolls of remove curse {unknown}
 n - 2 scrolls of enchant weapon
 q - a scroll of identify
 A - a scroll of blinking
Potions
 j - 2 potions of curing {unknown}
 l - 3 potions of haste {unknown}
 o - 2 potions of berserk rage {unknown}
 s - a potion of magic {unknown}
 v - 2 potions of heal wounds {unknown}
 z - a potion of resistance {unknown}
Books
 b - a book of Necromancy

   Spells                             Type                      Level
   a - Pain                           Necromancy                   1
   b - Animate Skeleton               Necromancy                   1
   c - Vampiric Draining              Necromancy                   3
   d - Regeneration                   Charms/Necromancy            3
   e - Animate Dead                   Necromancy                   4
   f - Control Undead                 Necromancy                   4
 x - a book of Misfortune

   Spells                             Type                      Level
   a - Confusing Touch                Hexes                        1
   b - Confuse                        Hexes                        3
   c - Gell's Gravitas                Translocation                3
   d - Petrify                        Transmutation/Earth          4
   e - Metabolic Englaciation         Hexes/Ice                    5
   f - Yara's Violent Unravelling     Hexes/Transmutation          5
Comestibles
 c - 2 bread rations
 h - 3 fruits
 r - a royal jelly


   Skills:
 + Level 1.4 Fighting
 - Level 2.0 Armour
 - Level 2.1 Dodging
 - Level 2.4 Stealth
 + Level 4.9 Spellcasting
 + Level 8.8 Necromancy


You had 12 spell levels left.
You knew the following spells:

 Your Spells              Type           Power        Failure   Level  Hunger
a - Pain                  Necr           ####         1%          1    None
v - Vampiric Draining     Necr           ####......   2%          3    ###....


Dungeon Overview and Level Annotations

Branches:
Dungeon (7/15)             Temple (1/1) D:7

Altars:
Ashenzari
Dithmenos
Elyvilon
Gozag
Hepliaklqana
Nemelex Xobeh
Okawaru
Qazlal
Sif Muna
Trog
Uskayaw
Vehumet
Xom
Yredelemnul

Shops:
D:5 %


Innate Abilities, Weirdness & Mutations

You are resistant to damage.
You can heal yourself by infusing magical energy.
You passively map a small area around you.
You do not regenerate.


Message History

As you read the scroll labeled POIDGH OMOU, it crumbles to dust.
The scroll dissolves into smoke.
It was a scroll of fog.
As you read the scroll labeled EDDUCI ERUMERCH, it crumbles to dust.
It is a scroll of enchant armour.
Your +0 pair of gloves glows green for a moment.
Blink to where?
Press: ? - help, Dir - move target cursor, f - you Are you sure you want to cancel this blink?
Blink to where?
Press: ? - help, Dir - move target cursor You are very lightly contaminated with residual magic.
As you read the scroll labeled BIMAT NUNESO, it crumbles to dust.
It was a scroll of blinking.
As you read the scroll labeled FOGGIOSIRCH, it crumbles to dust.
It is a scroll of identify.
y - a wand of lightning (15/15)
As you read the scroll labeled ZIUMNUS NOCUTH, it crumbles to dust.
It is a scroll of enchant weapon.
Your +0 flail glows red for a moment.
Are you sure you want to abandon this character and quit the game? (Confirm with "yes".)

♣♣♣♣♣♣♣ ♣
♣♣♣§§§§§♣♣♣ ♣♣♣
♣♣.@§§§§§§.♣♣ ♣♣..
♣....§§§§§..♣ ♣...
♣._..§♣§.§..♣ ♣...
♣......§....♣ ♣...
♣♣......_..♣♣♣
♣♣♣..
♣♣♣......♣..♣♣♣..♣.
♣♣♣♣♣♣♣♣♣♣...♣♣♣♣ *
* ♣♣♣..≈..♣♣♣ *
♣...≈≈≈...♣


There were no monsters in sight!

Vanquished Creatures
  A water moccasin (D:5)
  A sky beast (D:6)
  2 ogres
  A centaur (D:6)
  3 hounds
  3 orc wizards
  A centaur skeleton (D:5)
  An orc priest (D:4)
  8 worker ants
  Natasha (thrice) (D:4)
  A howler monkey skeleton (D:4)
  2 adders
  A dart slug (D:3)
  A leopard gecko (D:6)
  15 orcs
  A ball python (D:4)
  9 giant cockroaches
  10 goblins
  2 hobgoblins (D:2)
  A quokka (D:5)
  2 frilled lizards
  2 kobolds
  A leopard gecko skeleton (D:5)
  A rat (D:3)
73 creatures vanquished.

Notes
Turn   | Place    | Note
-------+----------+-------------------------------------------
     0 | D:1      | letownia2 the Deep Dwarf Necromancer began the quest for the Orb.
     0 | D:1      | Reached XP level 1. HP: 15/15 MP: 3/3
   279 | D:3      | Reached XP level 2. HP: 22/22 MP: 3/5
   414 | D:3      | Reached skill level 5 in Necromancy
   473 | D:3      | Reached XP level 3. HP: 2/28 MP: 1/6
   478 | D:3      | Learned a level 3 spell: Vampiric Draining
   565 | D:3      | Found a bloodstained altar of Trog.
   843 | D:3      | Found an iron altar of Okawaru.
  1009 | D:3      | Found a radiant altar of Vehumet.
  1065 | D:4      | Reached skill level 6 in Necromancy
  1065 | D:4      | Reached XP level 4. HP: 26/36 MP: 0/7
  1328 | D:4      | Noticed an ogre
  1530 | D:4      | Killed an ogre
  1530 | D:4      | Reached XP level 5. HP: 8/42 MP: 0/9
  1750 | D:4      | Reached skill level 7 in Necromancy
  1889 | D:4      | Noticed Natasha
  1891 | D:4      | Killed Natasha
  1891 | D:4      | Reached XP level 6. HP: 32/49 MP: 7/10
  2072 | D:4      | Noticed Natasha
  2081 | D:4      | Killed Natasha
  2137 | D:4      | Noticed Natasha
  2175 | D:4      | Killed Natasha
  2314 | D:5      | Entered Level 5 of the Dungeon
  2538 | D:5      | Found Qefomali's Food Shop.
  2807 | D:5      | Reached XP level 7. HP: 36/55 MP: 2/13
  2834 | D:5      | Reached skill level 8 in Necromancy
  3541 | D:6      | Reached skill level 1 in Armour
  3544 | D:6      | Found a white marble altar of Elyvilon.
  3698 | D:6      | Reached skill level 1 in Fighting
  3817 | D:6      | Reached XP level 8. HP: 56/64 MP: 3/15
  3965 | D:7      | Found a staircase to the Ecumenical Temple.
  4019 | Temple   | Entered the Ecumenical Temple
  4079 | Temple   | Quit the game

Skill      XL: |  1  2  3  4  5  6  7 |
---------------+----------------------+-----
Spellcasting   | 2 3 4 |  4.9
Necromancy     | 5 6 7 8 |  8.8
Armour         | 2 |  2.0
Fighting       | 1 |  1.4
Dodging        | |  2.1
Stealth        | |  2.4

Action                   |  1- 3 |  4- 6 |  7- 9 || total
-------------------------+-------+-------+-------++-------
Melee: Unarmed           |     1 |       |       ||     1
       Flail             |     6 |    48 |    43 ||    97
 Cast: Pain              |    32 |    29 |    27 ||    88
       Vampiric Draining |     8 |    29 |    19 ||    56
  Use: Scroll            |       |       |     6 ||     6
  Eat: Chunk             |     2 |     8 |     5 ||    15
Armor: Ring mail         |    12 |    24 |    31 ||    67
Dodge: Dodged            |    22 |    69 |    72 ||   163
